AoeStats
← Zortopos

Arabia

509978562Analyzed
2v2 RM · 3d ago on Sep 28, 2026· 52m 32s· 4 players
Game mode
Random Map
Map size
Medium (4 player)
Population
200
Speed
Normal
Resources
Standard
Victory
Conquest
Starting age
Dark Age
Ending age
Imperial Age
RankedLock teamsTeams togetherTeam positionsShared explorationLock speedFull tech treeHidden civsTurbo modeCheats
Victory
Defeat
🇹🇷 Magyars · Türkiye
1097
+18
🇹🇷 Turks · Türkiye
1091
+18
🇦🇷 Ethiopians · Argentina
1167
-19
🇦🇷 Lithuanians · Argentina
1102
-17
Zortopos
7:29 Loom
10:12 Feudal Age
10:48 Double-Bit Axe
14:29 Horse Collar
20:52 Castle Age
19:46 Gold Mining
22:14 Bow Saw
22:59 Stone Mining
24:23 Fletching
25:13 Town Watch
27:30 Husbandry
30:11 Wheelbarrow
36:42 Imperial Age
35:26 Bloodlines
35:30 Forging
35:25 Scale Barding Armor
37:27 Murder Holes
37:12 Treadmill Crane
37:42 Masonry
41:30 Two-Man Saw
43:06 Heavy Plow
43:47 Artillery
44:52 Gold Shaft Mining
44:44 Hand Cart
45:19 Heavy Camel Rider
47:26 Elite Janissary
48:47 Iron Casting
48:32 Chain Barding Armor
49:02 Town Patrol
PsyQuart
5:08 Loom
9:32 Feudal Age
10:11 Double-Bit Axe
10:10 Horse Collar
16:33 Scale Barding Armor
23:06 Castle Age
22:04 Bloodlines
24:08 Husbandry
24:37 Heavy Plow
25:25 Light Cavalry
26:53 Chain Barding Armor
27:53 Stone Mining
29:26 Bow Saw
32:54 Corvinian Army
33:58 Wheelbarrow
33:10 Town Watch
34:17 Gold Mining
35:28 Fletching
43:47 Imperial Age
44:15 Hand Cart
45:29 Plate Barding Armor
44:16 Elite Magyar Huszar
45:16 Conscription
46:41 Town Patrol
50:30 Spies/Treason
G.E.R.A
6:31 Loom
9:35 Feudal Age
13:14 Fletching
15:16 Horse Collar
17:14 Padded Archer Armor
23:21 Castle Age
21:40 Scale Barding Armor
21:50 Gold Mining
23:24 Crossbowman
24:09 Thumb Ring
24:05 Bodkin Arrow
24:24 Double-Bit Axe
25:02 Leather Archer Armor
26:54 Bow Saw
32:27 Wheelbarrow
39:04 Imperial Age
37:25 Ballistics
38:24 Royal Heirs
38:30 Murder Holes
39:15 Hand Cart
39:53 Bracer
40:24 Ring Archer Armor
40:14 Scale Mail Armor
40:25 Forging
40:12 Town Watch
Mancuso Lombardi
6:44 Loom
9:31 Feudal Age
10:18 Double-Bit Axe
18:41 Wheelbarrow
23:29 Castle Age
22:04 Stone Mining
23:52 Scale Barding Armor
24:31 Bloodlines
25:35 Fletching
25:59 Forging
34:24 Horse Collar
38:19 Chain Barding Armor
39:31 Iron Casting
45:38 Light Cavalry
Connection lost

Rejoining the realm…

Still unreachable

The connection could not be restored.

Session expired

The server has moved on; the page needs a fresh start.